[Event "*** Titled Tuesday 3|2 Blitz (Late)"]
[Site "Chess.com"]
[Date "2016.12.06"]
[Round "1"]
[White "viditchess"]
[Black "Rating-Schmating"]
[Result "1-0"]
[WhiteElo "2577"]
[BlackElo "2236"]
[TimeControl "180+2"]
[EndTime "17:03:37 PST"]
[Termination "viditchess won by resignation"]

1. d4 Nf6 2. Nf3 e6 3. c4 Bb4+ 4. Bd2 Qe7 5. g3 b6 6. Bg2 Bb7 7. O-O Bxd2 8. Qxd2 c5 9. d5 d6 10. Nc3 e5 11. Nh4 O-O 12. Nf5 Qd8 13. f4 exf4 14.
Qxf4 Ne8 15. Ne4 Nd7 16. Nexd6 Nxd6 17. Nxd6 Ba6 18. Nxf7 Qf6 19. Qxf6 Nxf6 20. Nd6 Rad8 21. Nb5 Bxb5 22. cxb5 Nxd5 23. Rxf8+ Kxf8 24. Rd1 1-0

[Event "*** Titled Tuesday 3|2 Blitz (Late)"]
[Site "Chess.com"]
[Date "2016.12.06"]
[Round "1"]
[White "josiwales"]
[Black "LPSupi"]
[Result "0-1"]
[WhiteElo "2242"]
[BlackElo "2591"]
[TimeControl "180+2"]
[EndTime "17:03:47 PST"]
[Termination "LPSupi won by resignation"]

1. e4 e5 2. Nf3 Nc6 3. Bc4 Nf6 4.
d4 exd4 5. O-O Nxe4 6. Re1 d5 7. Bxd5 Qxd5 8. Nc3 Qd7 9. Nxe4 Be7 10. Bg5 O-O 11. Bxe7 Qxe7 12. Nxd4 Nxd4 13. Qxd4 Rd8 14. Qe3 Bf5 15. Qf3 Bg6 16. c3 Re8 17. Ng3 Qxe1+ 18. Rxe1 Rxe1+ 19. Nf1 c6 20. h4 Rd8 21. h5 Bd3 22.
Kh2 Rxf1 0-1

[Event "*** Titled Tuesday 3|2 Blitz (Late)"]
[Site "Chess.com"]
[Date "2016.12.06"]
[Round "1"]
[White "Scott-fox21"]
[Black "Astaneh"]
[Result "1-0"]
[WhiteElo "2170"]
[BlackElo "2446"]
[TimeControl "180+2"]
[EndTime "17:03:59 PST"]
[Termination "Scott-fox21 won by resignation"]

1. d4 Nf6 2. c4 g6 3. Nc3 d5 4.
cxd5 Nxd5 5. Bd2 Bg7 6. e4 Nxc3 7. Bxc3 c5 8. d5 Bxc3+ 9. bxc3 O-O 10.
Nf3 e6 11. d6 Nc6 12. Qd2 e5 13. h4 Bg4 14. h5 Bxf3 15. gxf3 Qf6 16. hxg6 fxg6 17.
Bc4+ Kh8 18. O-O-O Rad8 19. Rxh7+ Kxh7 20. Rh1+ Qh4 21. Rxh4+ Kg7 22. Qh6+ Kf6 23. Rg4 Rg8 24. Bxg8 Rxg8 25. d7 1-0

[Event "*** Titled Tuesday 3|2 Blitz (Late)"]
[Site "Chess.com"]
[Date "2016.12.06"]
[Round "1"]
[White "dretch"]
[Black "cheese111"]
[Result "1-0"]
[WhiteElo "2593"]
[BlackElo "2250"]
[TimeControl "180+2"]
[EndTime "17:04:55 PST"]
[Termination "dretch won by resignation"]

1. d4 Nf6 2. c4 g6 3. Nc3 c5 4. d5 d6 5. e4 Bg7 6. Nf3 O-O 7. h3 e6 8. Bd3 Na6 9. O-O Nc7 10. Re1 Rb8 11. dxe6 Nxe6 12. Be3 a6 13. Qd2 Bd7 14. Nd5 Bc6 15. Rad1 b5 16. Qc2 Nd7 17. b3 Ne5 18. Nxe5 Bxe5 19. Qd2 Re8 20. f4 Bg7 21. f5 Bxd5 22. exd5 Nd4 23. Bg5 Bf6 24. Rxe8+ 1-0

[Event "*** Titled Tuesday 3|2 Blitz (Late)"]
[Site "Chess.com"]
[Date "2016.12.06"]
[Round "1"]
[White "Sethu0025"]
[Black "dcremisi"]
[Result "1-0"]
[WhiteElo "2624"]
[BlackElo "2281"]
[TimeControl "180+2"]
[EndTime "17:05:35 PST"]
[Termination "Sethu0025 won by resignation"]

1. e4 e6 2. d4 d5 3. Nc3 dxe4 4.
Nxe4 Bd7 5. Bd3 Bc6 6. Nf3 Nd7 7. c3 Ngf6 8. Ned2 b6 9. O-O Bb7 10. Qe2 Be7 11. Nc4 O-O 12. Bf4 Re8 13. Rad1 Nf8 14. Rfe1 Ng6 15. Bg3 Nh5 16. Bxg6 hxg6 17. Nce5 Nxg3 18.
hxg3 Qc8 19. c4 c5 20. d5 exd5 21. cxd5 Bd6 22. Qd3 Qc7 23. Nc4 Rad8 24. Rxe8+ Rxe8 25. Nfd2 Rd8 26. Ne4 Be7 27. d6 Qc6 28. f3 Bf8 29. Ne5 Qc8 30. d7 Qc7 31. f4 Be7 32. Qc4 Rf8 33.
Nxg6 1-0

[Event "*** Titled Tuesday 3|2 Blitz (Late)"]
[Site "Chess.com"]
[Date "2016.12.06"]
[Round "1"]
[White "Hikaru"]
[Black "oskariot"]
[Result "1-0"]
[WhiteElo "2908"]
[BlackElo "2392"]
[TimeControl "180+2"]
[EndTime "17:05:53 PST"]
[Termination "Hikaru won by resignation"]

1. e4 c5 2. Nf3 d6 3. c3 Nf6 4. Bd3 Nc6 5. h3 g6 6. Bc2 Bg7 7. d4 cxd4 8. cxd4 O-O 9. Nc3 Bd7 10. O-O a6 11. Re1 e5 12. dxe5 Nxe5 13. Nd4 Rc8 14. Bb3 b5 15. Bg5 Nc4 16. Nd5 h6 17. Nxf6+ Bxf6 18.
Bxh6 Re8 19. Qd3 Nxb2 20. Qg3 Nc4 21. Rad1 Kh7 22. Bf4 Qb6 23. Nf3 Rc6 24. e5 dxe5 25. Rxd7 exf4 26. Rxf7+ Kh6 27. Qxf4+ 1-0

[Event "*** Titled Tuesday 3|2 Blitz (Late)"]
[Site "Chess.com"]
[Date "2016.12.06"]
[Round "1"]
[White "AllStarShark"]
[Black "Genghis_K"]
[Result "0-1"]
[WhiteElo "2350"]
[BlackElo "2682"]
[TimeControl "180+2"]
[EndTime "17:06:01 PST"]
[Termination "Genghis_K won by resignation"]

1. d4 Nf6 2. Bg5 c5 3. Nc3 cxd4 4. Qxd4 Nc6 5. Qh4 d6 6. O-O-O Bd7 7. e4 Rc8 8. Kb1 h6 9. f4 Qa5 10. Nf3 hxg5 11.
Qxh8 gxf4 12. Qh4 e5 13. Qe1 Be6 14. Nd5 Qxe1 15. Nxf6+ gxf6 16. Nxe1 f5 17. exf5 Bxf5 18. Bb5 Ke7 19. Bxc6 bxc6 20. Nd3 f6 21. Rde1 Kf7 22.
Rhf1 d5 23. g3 Bh3 24. Rf2 f3 25. Nc1 e4 26. Nb3 f5 27. Nd2 Bc5 28. Ref1 Bxf2 29. Rxf2 e3 30. Nxf3 exf2 0-1

[Event "*** Titled Tuesday 3|2 Blitz (Late)"]
[Site "Chess.com"]
[Date "2016.12.06"]
[Round "1"]
[White "stalyansky"]
[Black "MaestroASK"]
[Result "0-1"]
[WhiteElo "2116"]
[BlackElo "2446"]
[TimeControl "180+2"]
[EndTime "17:06:09 PST"]
[Termination "MaestroASK won on time"]

1. e4 d6 2. d4 g6 3. Nc3 c6 4. Be3 e5 5. Qd2 Bg7 6. f3 Nd7 7. d5 c5 8. O-O-O a6 9. h4 h5 10.
g4 hxg4 11. fxg4 Rxh4 12. Rxh4 Qxh4 13. Be2 b5 14. Nf3 Qe7 15. Rh1 Ngf6 16. g5 Nh5 17.
Ng1 Ng3 18. Rh7 Kf8 19. Bg4 b4 20. Qh2 Kg8 21. Na4 Nf1 22. Qh3 Nxe3 0-1

[Event "*** Titled Tuesday 3|2 Blitz (Late)"]
[Site "Chess.com"]
[Date "2016.12.06"]
[Round "1"]
[White "micfel"]
[Black "Zlatan56"]
[Result "0-1"]
[WhiteElo "2292"]
[BlackElo "2644"]
[TimeControl "180+2"]
[EndTime "17:06:10 PST"]
[Termination "Zlatan56 won by resignation"]

1. e4 g6 2. d4 Bg7 3. Nc3 d6 4.
Nf3 a6 5. Bc4 e6 6. Bb3 b6 7. Qe2 h6 8. Bd2 Bb7 9. O-O-O Nd7 10. h4 Ne7 11. h5 g5 12. Be3 b5 13.
Nd2 c5 14. dxc5 dxc5 15. a3 Qc7 16. f3 Nc6 17. Qf2 Nd4 18. Ne2 Nxe2+ 19. Qxe2 c4 20. Ba2 c3 21. Nb3 cxb2+ 22. Kb1 Nb6 23. Bxb6 Qxb6 24.
e5 O-O 25. Kxb2 Qc7 26. Rhe1 Rfd8 27. Rxd8+ Rxd8 28. Kb1 Rd5 29. Nc1 Rxe5 30. Qd2 Rxe1 31. Qxe1 Qc5 32. Qb4 Qe5 33. c4 g4 34. cxb5 gxf3 35.
bxa6 Be4+ 0-1

[Event "*** Titled Tuesday 3|2 Blitz (Late)"]
[Site "Chess.com"]
[Date "2016.12.06"]
[Round "1"]
[White "MattyDPerrine"]
[Black "VitaliyBernadskiy"]
[Result "0-1"]
[WhiteElo "2206"]
[BlackElo "2556"]
[TimeControl "180+2"]
[EndTime "17:06:31 PST"]
[Termination "VitaliyBernadskiy won by resignation"]

1. d4 Nf6 2. Nf3 g6 3. g3 Bg7 4.
Bg2 O-O 5. O-O d6 6. c4 Nbd7 7. Nc3 e5 8. e4 a6 9. Qc2 Rb8 10. Rd1 exd4 11. Nxd4 Ne5 12. c5 Re8 13. cxd6 cxd6 14.
h3 Bd7 15. Qb3 b5 16. Bg5 h6 17. Bf4 Nc4 18. a4 g5 19. axb5 axb5 20. Ndxb5 Be6 21. Bc1 Ne3 22. Qa4 Nxd1 23. Qxd1 Qb6 24. Be3 Qd8 25. Nxd6 Re7 26. Ndb5 Rd7 27. Qe2 Qc8 28. Rc1 Bc4 29. Nd5 Bxe2 0-1

[Event "*** Titled Tuesday 3|2 Blitz (Late)"]
[Site "Chess.com"]
[Date "2016.12.06"]
[Round "1"]
[White "Paralinch"]
[Black "tango_argentino"]
[Result "0-1"]
[WhiteElo "2642"]
[BlackElo "2360"]
[TimeControl "180+2"]
[EndTime "17:07:01 PST"]
[Termination "tango_argentino won by resignation"]

1. e4 e6 2. d4 d5 3. Nc3 Nf6 4. Bg5 dxe4 5. Nxe4 Be7 6. Bxf6 gxf6 7. Nf3 f5 8. Nc3 a6 9. Qe2 b5 10. O-O-O b4 11. Na4 Qd5 12. Kb1 Bd7 13. Nc5 Bb5 14.
Qe5 Qxe5 15. Bxb5+ axb5 16. Nxe5 Rg8 17. g3 Bd6 18. Rhe1 c6 19. Ned3 Na6 20. Nxa6 Rxa6 21. Nc5 Ra7 22. Re3 Ke7 23. Nd3 Rga8 24. Nc1 h5 25.
Rde1 h4 26. gxh4 Rh8 27. Rh3 Rh5 28. Nd3 Kf6 29. f4 Ra8 30. Ne5 Rah8 31. Nxc6 Rxh4 32. Rb3 Rxf4 33. Nxb4 Rxd4 34. Nd3 b4 35. a3 bxa3 36. bxa3 Rxh2 37. Nb2 Rdd2 38. Rc3 Be5 39. Rc4 f4 40. a4 f3 41. Nd3 Rxd3 42. cxd3 Rb2+ 43. Kc1 Ra2 44. d4 Ra1+ 45. Kd2 Bf4+ 46. Kd3 Rxe1 47.
d5 e5 48. d6 Rd1+ 49. Ke4 f2 50. d7 f1=Q 0-1

[Event "*** Titled Tuesday 3|2 Blitz (Late)"]
[Site "Chess.com"]
[Date "2016.12.06"]
[Round "1"]
[White "capatl"]
[Black "GeorgMeier"]
[Result "0-1"]
[WhiteElo "2379"]
[BlackElo "2764"]
[TimeControl "180+2"]
[EndTime "17:07:05 PST"]
[Termination "GeorgMeier won by resignation"]

1. c4 e6 2. d4 d5 3. Nc3 Nf6 4. Nf3 Be7 5. Bg5 h6 6. Bxf6 Bxf6 7. cxd5 exd5 8. e3 c6 9. Bd3 Be7 10. O-O Nd7 11. Rb1 a5 12. a3 O-O 13.
Qc2 Bd6 14. b4 Re8 15. Na4 axb4 16. axb4 Nf6 17. b5 Bg4 18. Ne5 Bxe5 19. dxe5 Rxe5 20. bxc6 bxc6 21. Qxc6 Rg5 22. f4 Rh5 23. Nb6 Ra3 24. Qc2 Rxd3 25. Qxd3 Bf5 26. Qd4 Bxb1 27. Rxb1 Ne4 28.
Nc4 Qh4 29. h3 Qf2+ 0-1

[Event "*** Titled Tuesday 3|2 Blitz (Late)"]
[Site "Chess.com"]
[Date "2016.12.06"]
[Round "1"]
[White "SidArun"]
[Black "Divertissement"]
[Result "0-1"]
[WhiteElo "2077"]
[BlackElo "2425"]
[TimeControl "180+2"]
[EndTime "17:07:06 PST"]
[Termination "Divertissement won by resignation"]

1. e4 c5 2. c3 Nf6 3. e5 Nd5 4.
d4 cxd4 5. cxd4 e6 6. Nf3 d6 7.
Nc3 Nxc3 8. bxc3 Bd7 9. Bd3 Bc6 10. Bf4 Be7 11. O-O O-O 12. Qb1 g6 13. Be4 Qc7 14. Bxc6 Nxc6 15. Qe4 Rac8 16. Rac1 b6 17. Bh6 Rfe8 18.
Rfe1 dxe5 19. Nxe5 Nxe5 20. dxe5 Qc4 21. Qe3 Red8 22.
g3 Rd3 23. Qe2 Rcd8 24. Qf1 b5 25. Qg2 Qd5 26. Qxd5 exd5 27. Rb1 a6 28. Rb3 Rc8 29. Re3 Rxe3 30. Bxe3 Rc6 31. Bh6 f6 32. exf6 Bxf6 33. a4 bxa4 34. Rb8+ Kf7 35. Rf8+ Ke6 36. Re8+ Kd7 37. Re2 Bxc3 38. Ra2 Rc4 39. Bf4 Kc6 40. Kf1 Kb5 41. Ke2 Kb4 42. Kd3 Kb3 43. Re2 Rd4+ 0-1

[Event "*** Titled Tuesday 3|2 Blitz (Late)"]
[Site "Chess.com"]
[Date "2016.12.06"]
[Round "1"]
[White "ShimanovAlex"]
[Black "Quiet_Desperation"]
[Result "1-0"]
[WhiteElo "2655"]
[BlackElo "2309"]
[TimeControl "180+2"]
[EndTime "17:07:07 PST"]
[Termination "ShimanovAlex won by resignation"]

1. e4 Nc6 2. Nf3 d6 3. d4 Nf6 4.
Bd3 e5 5. d5 Ne7 6. c4 Ng6 7.
h3 Be7 8. Nc3 c6 9. O-O O-O 10.
Re1 Bd7 11. a4 Qc8 12. Bf1 c5 13. a5 a6 14. Bd2 Ne8 15. b4 cxb4 16. Na4 Qd8 17. Nb6 Rb8 18. Bxb4 f5 19. Nd2 f4 20. Rc1 Nh4 21. Nf3 Bc8 22. Be2 Nxf3+ 23. Bxf3 Nf6 24. c5 dxc5 25. Bxc5 Bxc5 26. Rxc5 Nd7 27. Nxd7 Bxd7 28.
d6 Re8 29. Bh5 g6 30. Bg4 Bxg4 31. hxg4 Kg7 32. Rc7+ Kh8 33. Qd5 f3 34. gxf3 Qf6 35. Rf7 Qh4 36. Kg2 Rbd8 37. Rh1 1-0

[Event "*** Titled Tuesday 3|2 Blitz (Late)"]
[Site "Chess.com"]
[Date "2016.12.06"]
[Round "1"]
[White "Durarbayli"]
[Black "ZEN-22"]
[Result "1-0"]
[WhiteElo "2596"]
[BlackElo "2205"]
[TimeControl "180+2"]
[EndTime "17:07:11 PST"]
[Termination "Durarbayli won on time"]

1. e4 c5 2. Nf3 Nf6 3. e5 Nd5 4. c4 Nb4 5. d4 cxd4 6. Nxd4 N8c6 7. Nxc6 Nxc6 8. f4 d6 9. exd6 e6 10. Nc3 Bxd6 11. Be3 O-O 12. c5 Bc7 13. Qxd8 Rxd8 14. Nb5 Ba5+ 15. Kf2 a6 16. Nd6 Bc7 17. Rd1 Nb4 18. Bc4 b5 19. Bb3 Nd5 20. Bxd5 exd5 21. Nxc8 Raxc8 22. Rd4 g5 23. g3 gxf4 24. gxf4 Kf8 25.
Rhd1 Re8 26. Rxd5 Re4 27. Kf3 Rc4 28. Rh5 Rc2 29. Rxh7 Ke7 30. Rd2 Rc1 31. Re2 Ke6 32. Bxc1+ 1-0

[Event "*** Titled Tuesday 3|2 Blitz (Late)"]
[Site "Chess.com"]
[Date "2016.12.06"]
[Round "1"]
[White "HarutyunianTigranK"]
[Black "SPEEDSKATER"]
[Result "1-0"]
[WhiteElo "2649"]
[BlackElo "2325"]
[TimeControl "180+2"]
[EndTime "17:07:14 PST"]
[Termination "HarutyunianTigranK won by resignation"]

1. c4 c6 2. Nc3 d5 3. d4 Nf6 4.
Nf3 a6 5. e3 Bf5 6. b3 e6 7.
Bb2 Nbd7 8. Be2 h6 9. O-O Be7 10. cxd5 exd5 11. a3 a5 12. Rc1 O-O 13. Na4 Ne4 14. Bd3 Bg4 15. Qc2 Bxf3 16. gxf3 Nef6 17. Kh1 Kh8 18. Rg1 Re8 19. Nc5 Rb8 20. Rg3 Bd6 21. Rh3 Nf8 22. Rg1 b6 23. Na4 Qd7 24. Bf5 Ne6 25.
e4 Bf8 26. Bc1 Qc7 27. Bxe6 fxe6 28. e5 Ng8 29. Qg6 Qe7 30. Bxh6 Nxh6 31. Rxh6+ Kg8 32. Qh5 1-0

[Event "*** Titled Tuesday 3|2 Blitz (Late)"]
[Site "Chess.com"]
[Date "2016.12.06"]
[Round "1"]
[White "LawrenceTrent"]
[Black "calemcc"]
[Result "1-0"]
[WhiteElo "2428"]
[BlackElo "2110"]
[TimeControl "180+2"]
[EndTime "17:07:16 PST"]
[Termination "LawrenceTrent won by resignation"]

1. d4 d5 2. Bf4 Nf6 3. e3 Bg4 4. f3 Bf5 5. g4 Bg6 6. h4 h6 7.
h5 Bh7 8. Bd3 Bxd3 9. Qxd3 Nbd7 10. Ne2 e6 11. Nd2 c5 12. c3 Qb6 13. Kf2 Bd6 14. Bxd6 Qxd6 15. Kg2 O-O 16. Rad1 e5 17. Ng3 exd4 18. cxd4 cxd4 19. Nf5 Qe5 20. Qxd4 Qxd4 21. exd4 Rfe8 22. Rhe1 Kf8 23. Nd6 Rxe1 24. Rxe1 b6 25. Rc1 Ne8 26. Nf5 Ndf6 27. Nf1 Rd8 28. N1e3 Kg8 29.
b4 Kh7 30. b5 g6 31. hxg6+ fxg6 32. Ng3 Rd7 33. Ne2 Nd6 34. a4 Kg7 35. Nf4 Nf7 36.
Ne6+ Kh7 37. Nf8+ Kg7 38. Nxd7 Nxd7 39. Rc7 Nf8 40. Nxd5 Ne6 41. Rxa7 Nxd4 42. Nxb6 Kf6 43. Nd5+ Ke6 44. Nf4+ Kf6 45. Ra6+ Kg5 46. Ne6+ Nxe6 47. Rxe6 1-0

[Event "*** Titled Tuesday 3|2 Blitz (Late)"]
[Site "Chess.com"]
[Date "2016.12.06"]
[Round "1"]
[White "Fh2411"]
[Black "Noukii"]
[Result "1-0"]
[WhiteElo "2352"]
[BlackElo "2649"]
[TimeControl "180+2"]
[EndTime "17:07:20 PST"]
[Termination "Fh2411 won by resignation"]

1. d4 d5 2. Nf3 Nf6 3. Bf4 c5 4. e3 Nc6 5. Nbd2 e6 6. c3 Bd6 7. Bg3 O-O 8. Bd3 b6 9. e4 Be7 10. e5 Nh5 11. a3 a5 12. Qe2 c4 13. Bc2 b5 14. Ng5 Bxg5 15. Qxh5 g6 16. Qe2 f5 17.
exf6 Qxf6 18. Nf3 Bf4 19. O-O Bd7 20. Rae1 b4 21. Ba4 Rae8 22. Bxc6 Bxc6 23. Ne5 Ba4 24. axb4 axb4 25. cxb4 Rb8 26. Ng4 Qf5 27. Bxf4 Qxf4 28. Qxe6+ Kg7 29. h3 Qf5 30. Qd6 Rb7 31. Re5 Qf7 32.
Rxd5 h5 33. Qe5+ Kh7 34. Ne3 Rxb4 35. Ra5 Bd7 36. d5 Re8 37. Qd4 c3 38. Qxb4 1-0

[Event "*** Titled Tuesday 3|2 Blitz (Late)"]
[Site "Chess.com"]
[Date "2016.12.06"]
[Round "1"]
[White "Bigfish1995"]
[Black "sorito"]
[Result "1-0"]
[WhiteElo "2718"]
[BlackElo "2372"]
[TimeControl "180+2"]
[EndTime "17:07:26 PST"]
[Termination "Bigfish1995 won by resignation"]

1. e4 d6 2. f4 Nf6 3. d3 e5 4.
Nf3 Nc6 5. g3 Be7 6. Bg2 O-O 7.
O-O Re8 8. c4 Bg4 9. Be3 Nd4 10.
Bxd4 exd4 11. Nbd2 c6 12. h3 Bxf3 13. Nxf3 Bf8 14.
Kh2 Qb6 15. Rb1 a5 16. b3 g6 17. a3 Bg7 18. Qc2 Nd7 19. Rfc1 Nc5 20. b4 axb4 21.
axb4 Na4 22. c5 Qc7 23. cxd6 Qxd6 24. e5 Qd7 25. Ra1 Nc3 26. Qb3 Rxa1 27. Rxa1 h5 28. Qc4 Nb5 29. h4 Bf8 30. Ng5 Qe7 31. Rf1 Bh6 32. Ne4 Bg7 33. Nc5 Ra8 34. Nxb7 Qxb7 35. Bxc6 Ra2+ 36. Kg1 Qa7 37. Bxb5 Rd2 38. e6 fxe6 39.
Qxe6+ Kh7 40. f5 Qb7 41. Qxg6+ Kh8 42. Qxh5+ Kg8 43. Qe8+ Kh7 44. Bc6 Qc7 45. Qg6+ Kg8 46. Bd5+ Kf8 47. f6 1-0

[Event "*** Titled Tuesday 3|2 Blitz (Late)"]
[Site "Chess.com"]
[Date "2016.12.06"]
[Round "1"]
[White "LornerAcosta"]
[Black "platy3"]
[Result "1/2-1/2"]
[WhiteElo "2371"]
[BlackElo "2700"]
[TimeControl "180+2"]
[EndTime "17:07:39 PST"]
[Termination "Game drawn by repetition"]

1. Nf3 Nf6 2. d4 e6 3. e3 b6 4. Bd3 Bb7 5. O-O Be7 6. Nbd2 d5 7. b3 Nbd7 8. Bb2 O-O 9. Qe2 c5 10. Rfd1 Qc7 11. c4 dxc4 12. Nxc4 Rad8 13. Rac1 Qb8 14.
Bb1 Qa8 15. dxc5 Nxc5 16. h3 Bd5 17. Nce5 Be4 18. Bxe4 Qxe4 19. Rxd8 Rxd8 20. Qc2 Qxc2 21. Rxc2 Rd1+ 22. Kh2 Bd6 23. g3 a5 24. Nc4 Bc7 25. Bxf6 gxf6 26. Nxa5 f5 27. Kg2 Kg7 28. Nc4 Kf6 29.
Nb2 Ra1 30. b4 Na6 31. Nd3 Bd6 32. b5 Nc5 33. Nxc5 Bxc5 34. Rb2 Ba3 35. Rc2 Rb1 36. Rc3 Bc5 37. Rb3 Ra1 38. Rb2 Ba3 39. Rc2 Rb1 40.
Rc3 Bc5 41. Rb3 Ra1 42. Rb2 Ba3 1/2-1/2

[Event "*** Titled Tuesday 3|2 Blitz (Late)"]
[Site "Chess.com"]
[Date "2016.12.06"]
[Round "1"]
[White "KNVB"]
[Black "jposthuma"]
[Result "1-0"]
[WhiteElo "2530"]
[BlackElo "2198"]
[TimeControl "180+2"]
[EndTime "17:07:45 PST"]
[Termination "KNVB won by resignation"]

1. d4 Nf6 2. Nf3 g6 3. Bf4 Bg7 4. e3 O-O 5. h3 c5 6. c3 d5 7.
Nbd2 b6 8. Bd3 Ba6 9. Bxa6 Nxa6 10. O-O Re8 11. Qa4 Nc7 12. dxc5 bxc5 13. Rfd1 Ne6 14. Be5 Qd7 15. Qxd7 Nxd7 16. Bxg7 Kxg7 17. e4 Nf6 18. exd5 Nxd5 19. Ne4 Red8 20. Rd2 Nf6 21. Nxf6 Kxf6 22. Rad1 Rxd2 23. Nxd2 Rb8 24. b3 Ke5 25. Nc4+ Kf6 26. Ne3 Rd8 27. Rd5 Nf4 28. Rxd8 1-0

[Event "*** Titled Tuesday 3|2 Blitz (Late)"]
[Site "Chess.com"]
[Date "2016.12.06"]
[Round "1"]
[White "FranklinAPalomo"]
[Black "Larax"]
[Result "1-0"]
[WhiteElo "2400"]
[BlackElo "1910"]
[TimeControl "180+2"]
[EndTime "17:07:46 PST"]
[Termination "FranklinAPalomo won by resignation"]

1. Nf3 d5 2. c4 c6 3. e3 Nf6 4. Qc2 g6 5. d3 Bg7 6. Nbd2 O-O 7.
a3 a5 8. Be2 Re8 9. O-O e5 10.
Rd1 Nbd7 11. e4 Qe7 12. b3 Rb8 13. Bb2 b5 14. cxd5 cxd5 15. Rac1 Bb7 16. Qc7 Rec8 17. Qxa5 dxe4 18. dxe4 Nxe4 19. Nxe4 Bxe4 20. Rxc8+ Rxc8 21. Qxb5 Bc6 22. Qa5 e4 23. Nd4 e3 24. f3 Bxd4 25. Bxd4 Ra8 26. Qc7 Bd5 27. Bb2 Qe6 28. Qf4 Bxb3 29. Qd4 f6 30. Qxd7 Qxd7 31. Rxd7 Rc8 32.
Rb7 Bd5 33. Rb5 Rc2 34. Rxd5 Rxb2 35. Bc4 Rb1+ 36. Rd1+ 1-0

[Event "*** Titled Tuesday 3|2 Blitz (Late)"]
[Site "Chess.com"]
[Date "2016.12.06"]
[Round "1"]
[White "MFBerna"]
[Black "GMKrikor"]
[Result "1-0"]
[WhiteElo "2209"]
[BlackElo "2512"]
[TimeControl "180+2"]
[EndTime "17:08:02 PST"]
[Termination "MFBerna won on time"]

1. e4 e5 2. Nf3 Nc6 3. Bb5 a6 4. Ba4 Nf6 5. O-O Be7 6. Re1 b5 7. Bb3 O-O 8. c3 d6 9. h3 Nb8 10. d4 Nbd7 11. Nbd2 Bb7 12. Bc2 Re8 13. Nf1 Bf8 14.
Ng3 g6 15. Bg5 c6 16. Qd2 Qc7 17. Rad1 Bg7 18. Bb3 Rad8 19. Qc1 d5 20. dxe5 Nxe5 21.
Nxe5 Qxe5 22. exd5 Qc7 23. Rxe8+ Rxe8 24. d6 Qd7 25. Qf4 Nd5 26. Bxd5 cxd5 27. Be7 Bf8 28. Bxf8 Kxf8 29. Rd3 Re6 30. Re3 1-0

[Event "*** Titled Tuesday 3|2 Blitz (Late)"]
[Site "Chess.com"]
[Date "2016.12.06"]
[Round "1"]
[White "pedromartinez91"]
[Black "wonderfultime"]
[Result "0-1"]
[WhiteElo "2344"]
[BlackElo "2681"]
[TimeControl "180+2"]
[EndTime "17:08:04 PST"]
[Termination "wonderfultime won by resignation"]

1. d4 d5 2. c4 c6 3. Nc3 Nf6 4. cxd5 cxd5 5. Bf4 Nc6 6. e3 a6 7. Bd3 e6 8. Nf3 Be7 9. O-O b5 10. Ne5 Nxe5 11. Bxe5 O-O 12. a4 b4 13. Ne2 a5 14.
Qc2 Ba6 15. Bxf6 Bxd3 16. Qxd3 Bxf6 17. Rac1 Qd7 18. b3 Rfc8 19. Rxc8+ Rxc8 20. Rc1 Rxc1+ 21.
Nxc1 Qc7 22. Ne2 g6 23. g3 Qc6 24. Qd1 e5 25. dxe5 Bxe5 26. Nd4 Qc5 27. Kg2 Bf6 28. h4 h5 29. Ne2 Kg7 30. Qc1 Bc3 31. Qc2 Qc6 32.
Kg1 Qf6 33. Qd3 Qe5 34. f4 Qe4 35. Qxe4 dxe4 36. Kf2 Bb2 37. Ke1 Kf6 38. g4 hxg4 39. Ng3 Ke6 40. Nxe4 Kd5 41. Ng3 Bf6 42. h5 Bh4 43. h6 Bxg3+ 44. Ke2 Bh4 45. Kd3 f5 0-1

[Event "*** Titled Tuesday 3|2 Blitz (Late)"]
[Site "Chess.com"]
[Date "2016.12.06"]
[Round "1"]
[White "gmshanmeruga"]
[Black "Izoria123"]
[Result "1-0"]
[WhiteElo "2284"]
[BlackElo "2582"]
[TimeControl "180+2"]
[EndTime "17:08:12 PST"]
[Termination "gmshanmeruga won by resignation"]

1. e4 c5 2. Nf3 d6 3. d4 cxd4 4. Nxd4 Nf6 5. Nc3 g6 6. Be3 Bg7 7. f3 Nc6 8. Bc4 O-O 9. Qd2 Bd7 10. h4 Rc8 11. Nxc6 Rxc6 12. Bb3 Rxc3 13. bxc3 Qc7 14. O-O Rc8 15. Bd4 Be8 16. Rfe1 Nd7 17. Bxg7 Kxg7 18. Qd4+ Kg8 19. Qxa7 Nc5 20. Rad1 Bc6 21. e5 Kg7 22. exd6 exd6 23. Re2 Qd8 24. Qa3 Qxh4 25. Qb4 Qg3 26. Qd4+ Kh6 27. Qxd6 Qxd6 28. Rxd6 f5 29. Re7 Ra8 30.
Kf2 f4 31. Rf7 Kg5 32. Rxh7 Kf5 33. Rf7+ Ke5 34. Rd4 g5 35. Rd2 Rc8 36. Re2+ Kd6 37. Rg7 Rf8 38. Rxg5 Rf6 39. Rd2+ Kc7 40. Rxc5 1-0

[Event "*** Titled Tuesday 3|2 Blitz (Late)"]
[Site "Chess.com"]
[Date "2016.12.06"]
[Round "1"]
[White "LonesomeGeorge1"]
[Black "Peroncio"]
[Result "1-0"]
[WhiteElo "2197"]
[BlackElo "2494"]
[TimeControl "180+2"]
[EndTime "17:08:17 PST"]
[Termination "LonesomeGeorge1 won by resignation"]

1. e4 c5 2. Nf3 d6 3. d4 cxd4 4. Qxd4 a6 5. h3 Nc6 6. Qe3 g6 7. c4 Bg7 8. Nc3 Nf6 9. Be2 O-O 10. O-O Nd7 11. b3 Rb8 12. Rb1 Nc5 13. Bb2 f5 14. exf5 Bxf5 15. Rbd1 b5 16. cxb5 axb5 17. Ba1 e5 18.
Bxb5 Nd4 19. Bc4+ Kh8 20. Nxd4 exd4 21. Rxd4 Qc7 22. Rdd1 Rbe8 23. Qd2 Qa5 24. Nb5 Qxd2 25. Bxg7+ Kxg7 26. Rxd2 Ne4 27. Rd4 Ra8 28. a4 Rfd8 29. f3 Nc5 30. Rxd6 Re8 31. Rd5 Na6 32. g4 Be6 33.
Rd4 Bc8 34. Rfd1 Nc5 35. Nc7 Bb7 36. Nxe8+ Rxe8 37. Rd7+ Nxd7 38. Rxd7+ Kf6 39. Rxb7 Re3 40. Kf2 h5 41. Kxe3 1-0

[Event "*** Titled Tuesday 3|2 Blitz (Late)"]
[Site "Chess.com"]
[Date "2016.12.06"]
[Round "1"]
[White "amurdercastle"]
[Black "FearlessKing64"]
[Result "1-0"]
[WhiteElo "2404"]
[BlackElo "2008"]
[TimeControl "180+2"]
[EndTime "17:08:24 PST"]
[Termination "amurdercastle won on time"]

1. d4 Nf6 2. c4 g6 3. f3 d5 4. cxd5 Nxd5 5. e4 Nb6 6. Nc3 Bg7 7.
Be3 O-O 8. Qd2 e5 9. d5 c6 10. h4 cxd5 11. exd5 f5 12. h5 f4 13. Bc5 Rf7 14. hxg6 hxg6 15. Nh3 Bf5 16. Bxb6 axb6 17. Bc4 Rc7 18. d6+ Rxc4 19. Qd5+ Kf8 20. Qxc4 Qxd6 21. Ng5 Qe7 22. Nge4 Be6 23. Qb5 Nd7 24. a3 Ra5 25. Qd3 Nc5 26. Nxc5 Rxc5 27. Qxg6 Rc6 28. Rc1 Bf7 29.
Qe4 Rc4 30. Qe2 e4 31. O-O e3 32. Rfd1 Rc6 33. Ne4 Rh6 34. Rc8+ Be8 35. g3 Kf7 36. Qc4+ Kg6 37. Rd6+ Kh7 38. Rxh6+ Bxh6 39. Rc7 Bd7 40.
Qd5 e2 41. Kf2 fxg3+ 42. Kxe2 Bb5+ 43. Rc4 Qc7 44. Qxb5 Qf4 45. Qd7+ Bg7 46. Qh3+ Kg8 47. Rc8+ Bf8 48. Qxg3+ Qxg3 49. Nxg3 1-0

[Event "*** Titled Tuesday 3|2 Blitz (Late)"]
[Site "Chess.com"]
[Date "2016.12.06"]
[Round "1"]
[White "DanielNaroditsky"]
[Black "nonscitis"]
[Result "1-0"]
[WhiteElo "2700"]
[BlackElo "2362"]
[TimeControl "180+2"]
[EndTime "17:08:28 PST"]
[Termination "DanielNaroditsky won by checkmate"]

1. d4 d5 2. Bf4 c6 3. e3 Nf6 4.
Nd2 Bf5 5. Bd3 Bg6 6. Ngf3 e6 7.
Ne5 Nbd7 8. O-O Be7 9. Qe2 O-O 10. Nxg6 hxg6 11. h3 Re8 12. c4 Bb4 13. Nf3 dxc4 14. Bxc4 Nb6 15. Bd3 Bd6 16. Ne5 Qc7 17. Rac1 Nbd7 18.
Nxd7 Qxd7 19. Bg5 Be7 20. h4 Nd5 21. Qg4 Bxg5 22. hxg5 Rad8 23. Qg3 Qc7 24. f4 Ne7 25. Kf2 Qb6 26. Rc2 Nf5 27. Qh3 Nxd4 28. Rh1 Kf8 29. exd4 Qxd4+ 30. Ke2 Qxf4 31. Qe3 Qg4+ 32. Kf2 b6 33.
Rxc6 Qa4 34. Rh8+ Ke7 35. Rc7+ Kd6 36. Rxe8 Kxc7 37. Qe5+ Kc8 38. Re7 Rd7 39. Rxd7 Qxd7 40. Ke3 Qe7 41. Ba6+ Kd8 42. Qb8+ Kd7 43. Bb5# 1-0